 Dungeon Crawl Stone Soup version 0.31.0-11-ge490571c62 (webtiles) character file.

Game seed: 1364442424261814104

203 Gadfly the Insei (level 5, -2/41 HPs)
             Began as a Demonspawn Monk on Feb 1, 2024.
             Slain by Crazy Yiuf
             ... wielding a +4 quarterstaff of chaos
              (9 damage)
             ... on level 2 of the Dungeon.
             The game lasted 00:02:27 (1872 turns).

Gadfly the Insei (Demonspawn Monk)                  Turns: 1872, Time: 00:02:27

Health: -2/41      AC:  4    Str: 13    XL:     5   Next: 51%
Magic:  6/7        EV: 13    Int: 10    God:
Gold:   121        SH:  0    Dex: 16    Spells: 4/4 levels left

rFire   . . .        b - +0 dagger (elec)
rCold   . . .        c - orb {light}
rNeg    . . .        a - +0 robe
rPois   .            (no helmet)
rElec   .            (no cloak)
rCorr   .            (no gloves)
SInv    .            (no boots)
Will    .....        (no amulet)
Stlth   +            (no ring)
HPRegen 0.26/turn    (no ring)
MPRegen 0.10/turn

%: no passive effects
@: glowing
A: yellow scales 1, weakness stinger 1
a: no special abilities


You were on level 2 of the Dungeon.
You visited 1 branch of the dungeon, and saw 2 of its levels.

You collected 121 gold pieces.

Inventory:

Hand Weapons
 b - a +0 dagger of electrocution (weapon)
Armour
 a - a +0 robe (worn)
 c - an orb of light (worn)
Scrolls
 i - a scroll of amnesia {unknown}
Potions
 d - a potion of brilliance {unknown}
 e - 2 potions of degeneration {unknown}
 f - a potion of resistance {unknown}
 g - a potion of curing {unknown}
 h - a potion of heal wounds {unknown}
 j - a potion of ambrosia
 k - a potion of lignification {unknown}


   Skills:
 - Level 3.0 Fighting
 + Level 3.2 Dodging
 * Level 3.5 Unarmed Combat
 * Level 3.1 Invocations
 * Level 2.3 Evocations
 * Level 1.7 Shapeshifting


You had 4 spell levels left.
You didn't know any spells.
Your spell library was empty.

Dungeon Overview and Level Annotations

Branches:
Dungeon (2/15)

Altars:
Qazlal

Shops:
D:1 =

Annotations:
D:2 Crazy Yiuf


Innate Abilities, Weirdness & Mutations

You are partially covered in yellow scales. (AC +2)
You have a small tail.


Message History

A kobold is nearby!
A kobold is nearby!
A kobold is nearby!
The kobold barely misses you.
You hit the kobold.
You kill the kobold!
No target in view!
No target in view!
No target in view!
No target in view!
No target in view!
No target in view!
There is a stone staircase leading down here.
You open the door.
There is an open door here.
Found a hammer.
Found a runed translucent door.
Crazy Yiuf shouts!
Crazy Yiuf yells, "Whippet rumpyflump stair!"
Key pressed, stopping explore.
Crazy Yiuf shouts!
Could not explore, unopened runed door.
Could not explore, unopened runed door.
You aren't carrying any items that you can evoke.
You open the door.
You hear the crackle of electricity.
b - a +0 dagger of electrocution (weapon)
You barely miss Crazy Yiuf.
Crazy Yiuf hits you with a +4 quarterstaff of chaos!
You feel your power leaking away.
You hit Crazy Yiuf.
Crazy Yiuf is lightly wounded.
Crazy Yiuf whimpers, "Nubble chair spinner!"
Crazy Yiuf hits you with a +4 quarterstaff of chaos!
Crazy Yiuf burns you!
* * * LOW HITPOINT WARNING * * *
You are too injured to fight recklessly!
You hit Crazy Yiuf.
Crazy Yiuf is moderately wounded.
Crazy Yiuf hits you with a +4 quarterstaff of chaos!
You die...

.#..#.....# .#..#.#...###
<...........# ....#..######
....#....# ..#.....##
..#.....# ### ######
..#.....# #)..### ##P#..##
........# #...g@####P.....#
P..♣.P..##
#...##..#.P.....#
P.♣♣♣....# ### ###.#..#...#
..♣♣PP...# #######.##
#.PP.....# #.#
##...)...###### ###.#
####..........#########...#
# #....................###
####..........###########


You could see Crazy Yiuf.

Vanquished Creatures
  A scorpion (D:2)
  Natasha (thrice) (D:2)
  3 adders (D:2)
  4 dart slugs (D:1)
  An orc (D:2)
  2 endoplasms
  3 giant cockroaches (D:1)
  3 goblins (D:1)
  5 hobgoblins (D:1)
  A quokka (D:2)
  A ball python (D:2)
  4 bats (D:1)
  3 frilled lizards (D:2)
  2 kobolds
  5 rats
41 creatures vanquished.

Notes
Turn   | Place    | Note
-------+----------+-------------------------------------------
     0 | D:1      | Gadfly the Demonspawn Monk began the quest for the Orb.
     0 | D:1      | Reached XP level 1. HP: 18/18 MP: 1/1
   101 | D:1      | Gained mutation: You are partially covered in yellow
                  | scales. (AC +2) [demonic ancestry]
   101 | D:1      | Reached XP level 2. HP: 9/24 MP: 2/2
   182 | D:1      | Reached skill level 1 in Invocations
   325 | D:1      | Found Rauzuucze's Jewellery Shoppe.
   348 | D:1      | Reached skill level 1 in Evocations
   575 | D:1      | Reached XP level 3. HP: 29/29 MP: 2/4
  1011 | D:2      | Noticed a scorpion
  1018 | D:2      | Killed a scorpion
  1019 | D:2      | Reached skill level 1 in Shapeshifting
  1019 | D:2      | Reached XP level 4. HP: 35/35 MP: 5/5
  1027 | D:2      | Found a stormy altar of Qazlal.
  1287 | D:2      | Noticed Natasha
  1296 | D:2      | Killed Natasha
  1297 | D:2      | Gained mutation: You have a small tail. [demonic ancestry]
  1297 | D:2      | Reached XP level 5. HP: 33/41 MP: 5/7
  1297 | D:2      | Noticed Natasha
  1309 | D:2      | Killed Natasha
  1436 | D:2      | Noticed Natasha
  1444 | D:2      | Killed Natasha
  1712 | D:2      | Found a runed translucent door.
  1713 | D:2      | Noticed Crazy Yiuf
  1872 | D:2      | Slain by Crazy Yiuf

Illustrated notes

Levels and vault maps discovered:
D:1:      dpeg_arrival_houses_and_road, layout_basic, serial_shops, shop,
          hangedman_abyss_or_decor_stabs
D:2:      layout_basic, serial_forest, infiniplex_forest_end_double,
          infiniplex_forest_clump_small, infiniplex_forest_straight_1,
          infiniplex_forest_clump_small, infiniplex_forest_corner_2,
          infiniplex_forest_zigzag_1, infiniplex_forest_clump_medium,
          infiniplex_forest_lined_4_way, basic_altar, uniq_crazy_yiuf_cottage,
          uniq_natasha

Skill      XL: |  1  2  3  4  5 |
---------------+----------------+-----
Invocations    | 1 2 3 |  3.1
Evocations     | 1 2 |  2.3
Unarmed Combat | 3 |  3.5
Dodging        | 3 |  3.2
Shapeshifting  | 1 |  1.7
Fighting       | |  3.0

Action                     |  1- 3 |  4- 6 || total
---------------------------+-------+-------++-------
  Melee: Unarmed           |    70 |    18 ||    88
         Dagger            |    13 |    51 ||    64
         Tailslap          |       |     5 ||     5
    Use: Scroll            |     5 |       ||     5
 Armour: Robe              |    47 |    31 ||    78
  Dodge: Dodged            |    61 |    40 ||   101
